 Dungeon Crawl Stone Soup version 0.16-a0-296-gbdb9f68 (webtiles) character file.

70 Ololoev the Cudgeler (level 4, -1/39 HPs)
             Began as a Naga Gladiator on Aug 29, 2014.
             Slain by Ololoev's ghost (4 damage)
             ... on Level 3 of the Dungeon.
             The game lasted 00:04:43 (2726 turns).

Ololoev the Cudgeler (Naga Gladiator)               Turns: 2726, Time: 00:04:43

HP  -1/39        AC  3     Str 18      XL: 4   Next: 21%
MP   4/4         EV 10     Int  9      God:
Gold 196         SH  0     Dex 11      Spells:  0 memorised,  3 levels left

rFire  . . .     SeeInvis +     a - +0 flail
rCold  . . .     Clarity  .     b - +0 leather armour
rNeg   . . .     rCorr    .     (no shield)
rPois  +         rRot     .     c - +0 helmet
rElec  .         Spirit   .     (no cloak)
SustAb .         Warding  .     (no gloves)
rMut   .         Stasis   .     (no barding)
Gourm  .                        (no amulet)
MR     .....                    (no ring)
                                (no ring)

@: very slow, not resistant to hostile enchantments, very unstealthy
A: spit poison, see invisible, deformed body, poison resistance, slowness 2, AC
+1
a: Spit Poison


You were on level 3 of the Dungeon.
You were hungry.

You visited 1 branch of the dungeon, and saw 3 of its levels.

You collected 196 gold pieces.

Inventory:

Hand weapons
 a - a +0 flail (weapon)
Missiles
 d - 3 throwing nets (quivered)
Armour
 b - a +0 leather armour (worn)
 c - a +0 helmet (worn)
Comestibles
 f - 3 bread rations
 g - a slice of pizza
 l - 2 fruits
 n - a beef jerky
 r - a chunk of goblin flesh
Scrolls
 k - 4 scrolls of remove curse {unknown}
 o - a scroll of identify {unknown}
Jewellery
 t - an uncursed ring of sustain abilities {unknown}
Potions
 e - a potion of confusion {unknown}
 h - a potion of flight {unknown}
 i - a potion of mutation {unknown}
 j - 2 potions of degeneration {unknown}
 m - a potion of berserk rage {unknown}
 p - 3 potions of curing {unknown}
 q - a potion of brilliance {unknown}


   Skills:
 - Level 2.0 Fighting
 * Level 4.2 Maces & Flails
 + Level 2.8 Throwing
 - Level 2.4 Dodging


You had 3 spell levels left.
You didn't know any spells.

Dungeon Overview and Level Annotations

Branches:
Dungeon (3/15)

Altars:
Elyvilon
Qazlal
Zin
The Shining One

Annotations:
D:3 Ololoev's ghost, average NaGl


Innate Abilities, Weirdness & Mutations

You cannot wear boots.
You can spit poison.
Your serpentine skin is tough (AC +1).
You have supernaturally acute eyesight.
Armour fits poorly on your strangely shaped body.
Your system is resistant to poisons.
You cover ground very slowly.


Message History

You hit Ololoev's ghost.
Ololoev's ghost is lightly damaged.
Ololoev's ghost hits you!
You barely miss Ololoev's ghost.
Ololoev's ghost is lightly damaged.
Ololoev's ghost hits you.
You barely miss Ololoev's ghost.
Ololoev's ghost is lightly damaged.
Ololoev's ghost barely misses you.
You hit Ololoev's ghost.
Ololoev's ghost is lightly damaged.
You are feeling hungry.
You barely miss Ololoev's ghost.
Ololoev's ghost is lightly damaged.
Ololoev's ghost hits you!
You sock Ololoev's ghost!
Ololoev's ghost is moderately damaged.
Ololoev's ghost hits you!
* * * LOW HITPOINT WARNING * * *
You die...

. # # ####.#.#
#.#......
#.#.##.#
#.W....#
#########@.#.#
#..........#.#
##.#.###.###.#
#.........#
#..##.###.#
#.........#
#...#.....#
.....#####.#
##. #.#


You could see Ololoev's ghost.

Vanquished Creatures
  2 adders (D:2)
  2 worms (D:2)
  A giant gecko (D:2)
  An ooze (D:1)
  A ball python (D:2)
  3 bats
  8 hobgoblins
  3 jackals (D:2)
  A quokka (D:2)
  2 giant cockroaches
  2 giant newts (D:2)
  5 goblins
  3 kobolds
  6 rats
40 creatures vanquished.

Notes
Turn   | Place    | Note
--------------------------------------------------------------
     0 | D:1      | Ololoev, the Naga Gladiator, began the quest for the Orb.
     0 | D:1      | Reached XP level 1. HP: 19/19 MP: 1/1
   511 | D:1      | Reached XP level 2. HP: 26/26 MP: 2/2
  1496 | D:2      | Reached XP level 3. HP: 32/32 MP: 3/3
  1681 | D:2      | Reached skill level 4 in Maces & Flails
  1751 | D:2      | Found a stormy altar of Qazlal.
  1753 | D:2      | Noticed a fire elemental
  1754 | D:2      | Noticed a water elemental
  1755 | D:2      | Noticed an earth elemental
  1755 | D:2      | Noticed an air elemental
  1944 | D:2      | Found a glowing silver altar of Zin.
  1947 | D:2      | Found a white marble altar of Elyvilon.
  1948 | D:2      | Found a glowing golden altar of the Shining One.
  2102 | D:2      | Reached XP level 4. HP: 7/39 MP: 4/4
  2719 | D:3      | Noticed Ololoev's ghost (average NaGl)
  2726 | D:3      | Slain by Ololoev's ghost

Action                   |  1- 3 |  4- 6 || total
-------------------------+-------+-------++-------
Melee: Flail             |    82 |     9 ||    91
 Abil: Spit Poison       |    28 |     4 ||    32
  Eat: Chunk             |     5 |     2 ||     7
